[Event "fics rated crazyhouse match"]
[Site "fics, Oklahoma City, OK USA"]
[Date "2000.12.24"]
[White "Bobeskillz"]
[WhiteElo "2197"]
[Black "tantheman"]
[BlackElo "2322"]
[TimeControl "60+0"]
[Result "1-0"]

1. e4 e6 2. d4 b6 3. d5 Bb7 4. dxe6 fxe6 5. Nc3 Bb4 6. P@f5 
Bxe4 7. fxe6 dxe6 8. P@f7+ Kxf7 9. Qxd8 Ne7 10. Qxh8 Nd7 11. Qxa8 Bxa8 
12. R@d8 Bxc3+ 13. bxc3 N@e8 14. Rxe8 Kxe8 15. R@c8+ Nxc8 16. B@f7+ Kxf7 17. N@g5+ 
Ke7 18. Q@f7+ Kd6 19. Qxe6+ Kc5 20. Ba3+ P@b4 21. Bxb4# 
{tantheman checkmated} 1-0

[Event "fics rated crazyhouse match"]
[Site "fics, Oklahoma City, OK USA"]
[Date "2000.12.24"]
[White "tantheman"]
[WhiteElo "2311"]
[Black "Bobeskillz"]
[BlackElo "2208"]
[TimeControl "60+0"]
[Result "1-0"]

1. e3 g6 2. b3 Bg7 3. Nc3 b5 4. Bb2 b4 5. Na4 Bxb2 6. Nxb2 
B@g7 7. B@d4 e5 8. Bc5 d6 9. Bxb4 Bb7 10. Nf3 Nc6 11. Bc3 Nge7 
12. Be2 Rg8 13. O-O Nf5 14. d4 e4 15. Nd2 d5 16. P@c4 Nce7 17. cxd5 
Bxd5 18. P@c4 P@f3 19. Nxf3 exf3 20. Bxf3 Bxf3 21. Qxf3 B@c6 22. d5 
{Bobeskillz forfeits on time} 1-0

[Event "fics rated crazyhouse match"]
[Site "fics, Oklahoma City, OK USA"]
[Date "2000.12.24"]
[White "Bobeskillz"]
[WhiteElo "2202"]
[Black "tantheman"]
[BlackElo "2317"]
[TimeControl "60+0"]
[Result "0-1"]

1. g3 Nc6 2. Bg2 b6 3. b4 Bb7 4. b5 Na5 5. Bxb7 Nxb7 6. B@g2 
Rb8 7. Nh3 Nf6 8. Bb2 e6 9. O-O Be7 10. d3 O-O 11. e4 d6 
12. Bxf6 Bxf6 13. N@c6 Bxa1 14. Nxd8 Nxd8 15. Nd2 Bf6 16. g4 B@h6 17. Nf3 
N@f4 18. Nxf4 Bxf4 19. N@h3 B@e5 20. Nxf4 Bxf4 21. B@g3 N@g6 22. Bxf4 Nxf4 
23. g5 N@h3+ 24. Kh1 Bxg5 25. Nxg5 R@g1+ 26. Rxg1 Nxf2# 
{Bobeskillz checkmated} 0-1

[Event "fics rated crazyhouse match"]
[Site "fics, Oklahoma City, OK USA"]
[Date "2000.12.24"]
[White "tantheman"]
[WhiteElo "2322"]
[Black "Bobeskillz"]
[BlackElo "2197"]
[TimeControl "60+0"]
[Result "1-0"]

1. e3 g6 2. d4 Bg7 3. Nf3 Nf6 4. Be2 d6 5. Bd2 Bg4 6. O-O 
Nc6 7. c4 O-O 8. Nc3 e5 9. dxe5 Nxe5 10. Nxe5 Bxe2 11. Nxf7 Rxf7 
12. Qxe2 B@g4 13. P@f3 P@d3 14. Qxd3 N@e5 15. Qe2 Bxf3 16. gxf3 P@d3 17. Qd1 
Nh5 18. B@e6 Qf6 19. Bxf7+ Qxf7 20. N@g5 Nxf3+ 21. Nxf3 P@e2 22. Nxe2 Qxf3 
23. B@d5+ Qxd5 24. cxd5 N@f3+ 25. Kh1 B@g2+ 26. Kxg2 Nh4+ 27. Kh3 B@g2+ 28. Kxh4 
Bf6+ 29. P@g5 Bxg5+ 30. Kxg5 h6+ 31. Kxh6 
{Bobeskillz forfeits on time} 1-0

[Event "fics rated crazyhouse match"]
[Site "fics, Oklahoma City, OK USA"]
[Date "2000.12.24"]
[White "Bobeskillz"]
[WhiteElo "2192"]
[Black "tantheman"]
[BlackElo "2327"]
[TimeControl "60+0"]
[Result "0-1"]

1. e4 e6 2. d4 b6 3. Nc3 Bb7 4. Nh3 Nf6 5. e5 Nd5 6. Nxd5 
exd5 7. N@f5 N@e6 8. Be2 d6 9. exd6 cxd6 10. P@e5 dxe5 11. dxe5 d4 
12. P@e7 Bxe7 13. Nxe7 Qxe7 14. B@d6 Nc6 15. Bxe7 Nxe7 16. Bg5 B@b4+ 17. c3 
dxc3 18. Q@d7+ Kf8 19. Bxe7+ Bxe7 20. bxc3 B@c6 21. Qxe7+ Kg8 22. Qdd8+ Rxd8 
23. Qxd8+ Nxd8 24. N@e7+ Kf8 25. B@d6 P@d2+ 26. Kf1 Q@e1+ 27. Rxe1 dxe1=Q+ 28. Kxe1 
P@d2+ 29. Kxd2 N@e4+ 30. Ke3 Q@d2# 
{Bobeskillz forfeits on time} 0-1

[Event "fics rated crazyhouse match"]
[Site "fics, Oklahoma City, OK USA"]
[Date "2000.12.24"]
[White "tantheman"]
[WhiteElo "2332"]
[Black "Bobeskillz"]
[BlackElo "2187"]
[TimeControl "60+0"]
[Result "1-0"]

1. e3 e5 2. Nc3 Nf6 3. d4 exd4 4. exd4 Bb4 5. Bd2 d5 6. Bb5+ 
Bd7 7. Qe2+ P@e4 8. Bxd7+ Nbxd7 9. P@e5 B@c4 10. exf6 Bxe2 11. Ngxe2 Bxc3 
12. bxc3 Qxf6 13. B@g4 P@f3 14. Bxd7+ Kxd7 15. N@e5+ Ke8 16. B@b5+ B@c6 17. Bxc6+ 
bxc6 18. B@d7+ Kf8 19. Bxc6 Qe7 20. P@h6 f6 21. hxg7+ Kxg7 22. B@h6+ Kg8 
23. P@f7+ Qxf7 24. Nxf7 N@d3+ 25. cxd3 Kxf7 26. Q@g7+ Ke6 27. Nf4+ Kd6 28. Qd7# 
{Bobeskillz checkmated} 1-0

[Event "fics rated crazyhouse match"]
[Site "fics, Oklahoma City, OK USA"]
[Date "2000.12.24"]
[White "Bobeskillz"]
[WhiteElo "2182"]
[Black "tantheman"]
[BlackElo "2337"]
[TimeControl "60+0"]
[Result "0-1"]

1. e4 e6 2. Nc3 b6 3. g3 Bb7 4. Bg2 f5 5. exf5 Bxg2 6. Qh5+ 
B@f7 7. P@g6 hxg6 8. Qxh8 gxf5 9. Nge2 Bxh1 10. d4 P@g2 11. R@g1 R@f1+ 
12. Rxf1 gxf1=Q+ 13. Kxf1 Bf3 14. P@g2 Bxe2+ 15. Nxe2 R@d1+ 16. B@e1 N@e4 17. f3 
P@d2 18. Bxd2 Nxd2+ 19. Kg1 Rxa1 20. Kf2 B@g1+ 21. Kxg1 R@f1# 
{Bobeskillz checkmated} 0-1

[Event "fics rated crazyhouse match"]
[Site "fics, Oklahoma City, OK USA"]
[Date "2000.12.24"]
[White "tantheman"]
[WhiteElo "2342"]
[Black "Bobeskillz"]
[BlackElo "2177"]
[TimeControl "60+0"]
[Result "1-0"]

1. e4 d5 2. Nc3 d4 3. Nd5 e6 4. Nf4 e5 5. Nd5 c6 6. Bc4 
cxd5 7. exd5 N@f4 8. Qf3 Nf6 9. d3 Bg4 10. Bxf4 Bxf3 11. Nxf3 exf4 
12. P@e6 B@a5+ 13. Kf1 fxe6 14. dxe6 P@g4 15. P@f7+ Ke7 16. N@f5# 
{Bobeskillz checkmated} 1-0

[Event "fics rated crazyhouse match"]
[Site "fics, Oklahoma City, OK USA"]
[Date "2000.12.24"]
[White "Bobeskillz"]
[WhiteElo "2173"]
[Black "tantheman"]
[BlackElo "2346"]
[TimeControl "60+0"]
[Result "0-1"]

1. e4 e6 2. Nc3 b6 3. d4 Bb7 4. Bc4 Nf6 5. d5 exd5 6. exd5 
Bb4 7. P@e6 dxe6 8. dxe6 O-O 9. exf7+ Kh8 10. P@h6 Qxd1+ 11. Kxd1 Rd8+ 
12. P@d3 gxh6 13. Bxh6 P@g7 14. Bxg7+ Kxg7 15. Q@g5+ P@g6 16. P@h6+ Kf8 17. P@g7+ 
Ke7 18. g8=N+ Kd7 19. Be6+ Kc6 20. Bd5+ Rxd5 
{Bobeskillz forfeits on time} 0-1

[Event "fics rated crazyhouse match"]
[Site "fics, Oklahoma City, OK USA"]
[Date "2000.12.24"]
[White "tantheman"]
[WhiteElo "2350"]
[Black "Bobeskillz"]
[BlackElo "2169"]
[TimeControl "60+0"]
[Result "1-0"]

1. e4 Nf6 2. Nc3 e5 3. Nf3 d5 4. exd5 Nxd5 5. Nxe5 Nxc3 6. bxc3 
P@f6 7. Nxf7 Kxf7 8. Bc4+ N@e6 9. P@f5 N@h4 10. Qh5+ g6 11. fxe6+ Bxe6 
12. Bxe6+ Kxe6 13. N@f4+ Kf7 14. B@e6+ Ke7 15. N@d5+ Kd6 16. Qxh4 P@g5 17. N@f7+ 
Kc6 18. Nxd8+ Kb5 19. a4+ Kc5 20. Q@b4# 
{Bobeskillz checkmated} 1-0

[Event "fics rated crazyhouse match"]
[Site "fics, Oklahoma City, OK USA"]
[Date "2000.12.24"]
[White "Bobeskillz"]
[WhiteElo "2165"]
[Black "tantheman"]
[BlackElo "2354"]
[TimeControl "60+0"]
[Result "0-1"]

1. e4 e6 2. d4 b6 3. d5 Bb7 4. dxe6 fxe6 5. P@d5 exd5 6. exd5 
Bb4+ 7. Bd2 Qe7+ 8. Qe2 Bxd2+ 9. Nxd2 Bxd5 10. B@c4 Bxc4 11. Qxe7+ Nxe7 
12. Bxc4 Nbc6 13. P@b7 Rb8 14. Q@a8 B@h6 15. B@f7+ Kd8 16. Ngf3 P@g4 17. Qxb8+ 
Nxb8 18. R@a8 Nc6 19. Ne5 Bxd2+ 20. Kxd2 N@e4+ 21. Kc1 P@d2+ 22. Kd1 Q@e1+ 
23. Rxe1 dxe1=Q+ 24. Kxe1 P@d2+ 25. Kf1 R@e1# 
{Bobeskillz forfeits on time} 0-1

[Event "fics rated crazyhouse match"]
[Site "fics, Oklahoma City, OK USA"]
[Date "2000.12.24"]
[White "JiggaB"]
[WhiteElo "2314"]
[Black "JKiller"]
[BlackElo "2365"]
[TimeControl "60+0"]
[Result "0-1"]

1. e4 e6 2. Nc3 Nc6 3. d4 d5 4. e5 f6 5. Be3 fxe5 6. dxe5 
Nxe5 7. Nf3 Nxf3+ 8. Qxf3 Nf6 9. Bb5+ c6 10. P@f7+ Kxf7 11. N@e5+ Ke8 
12. Be2 Bd6 13. Nd3 Rf8 14. Bf4 N@h4 15. Bxd6 Nxf3+ 16. Bxf3 Qxd6 17. B@c5 
Qd8 18. Bxf8 Kxf8 19. Ne5 P@f7 20. Nxf7 Kxf7 21. N@g5+ Kf8 22. P@f7 Q@e5+ 
23. Nce4 dxe4 24. Nxh7+ Kxf7 25. R@d2 exf3+ 26. P@e3 Qxd2+ 27. Kxd2 Ne4+ 28. Kc1 
N@e2+ 29. Kd1 N@c3+ 30. bxc3 N2xc3+ 31. Kc1 B@a3# 
{JiggaB resigns} 0-1

[Event "fics rated crazyhouse match"]
[Site "fics, Oklahoma City, OK USA"]
[Date "2000.12.24"]
[White "JKiller"]
[WhiteElo "2372"]
[Black "JiggaB"]
[BlackElo "2307"]
[TimeControl "60+0"]
[Result "1-0"]

1. e4 e6 2. d4 Nc6 3. Nc3 Nf6 4. e5 Nd5 5. Nf3 Bb4 6. Bd2 
d6 7. Nxd5 exd5 8. Bxb4 Nxb4 9. B@a4+ Bd7 10. Bb3 dxe5 11. Nxe5 B@f6 
12. a3 Bxe5 13. dxe5 N@e4 14. axb4 Nxf2 15. Kxf2 Qh4+ 16. B@g3 N@e4+ 17. Ke1 
Nxg3 18. hxg3 Qxh1 19. N@f2 Qg1 20. N@f3 Qxf2+ 21. Kxf2 N@e4+ 22. Ke1 P@f2+ 
23. Ke2 B@g4 24. N@d3 Bxf3+ 25. gxf3 N@g1+ 26. Ke3 P@h2 27. Bxd5 h1=Q 28. Bxf7+ 
Kd8 29. N@e6+ Kc8 30. P@a6 bxa6 31. P@b7+ Kb8 32. bxa8=Q+ Kxa8 33. P@b7+ Kxb7 
34. Ndc5+ Nxc5 35. Nxc5+ Kc8 36. Qxd7+ Kb8 37. Q@b7# 
{JiggaB checkmated} 1-0

[Event "fics rated crazyhouse match"]
[Site "fics, Oklahoma City, OK USA"]
[Date "2000.12.24"]
[White "JiggaB"]
[WhiteElo "2300"]
[Black "JKiller"]
[BlackElo "2379"]
[TimeControl "60+0"]
[Result "1-0"]

1. e3 e6 2. d4 Nc6 3. Nf3 Nf6 4. Nc3 Bb4 5. Bd2 Bxc3 6. bxc3 
Ne4 7. Bd3 d5 8. B@h4 f6 9. O-O O-O 10. Bxe4 dxe4 11. Ne1 B@d5 
12. f3 exf3 13. Nxf3 N@f5 14. Bhe1 P@g4 15. Nh4 Nxh4 16. Bxh4 Bxg2 17. Kxg2 
P@f3+ 18. Kh1 Nxd4 19. P@g2 fxg2+ 20. Kxg2 Qd5+ 21. P@f3 gxf3+ 22. Kf2 N@h3+ 
23. Ke1 P@e2 24. N@e7+ Kh8 25. Nxd5 exd1=Q+ 26. Kxd1 P@e2+ 27. Kc1 Q@a3+ 28. P@b2 
exf1=Q+ 29. B@e1 P@e2 30. bxa3 R@d1+ 31. Kb2 Rxd2 32. Q@g8+ Kxg8 33. Ne7+ Kf7 
34. Q@h5+ Kxe7 35. Bxf6# 
{JKiller forfeits on time} 1-0

[Event "fics rated crazyhouse match"]
[Site "fics, Oklahoma City, OK USA"]
[Date "2000.12.24"]
[White "JKiller"]
[WhiteElo "2369"]
[Black "JiggaB"]
[BlackElo "2310"]
[TimeControl "60+0"]
[Result "1-0"]

1. e4 d5 2. exd5 e6 3. Bb5+ c6 4. dxc6 Nxc6 5. d4 Nf6 6. Nc3 
Bd7 7. Nf3 Bb4 8. O-O Bxc3 9. bxc3 N@e4 10. Qd3 P@g4 11. Ne1 O-O 
12. P@e5 a6 13. exf6 Nxf6 14. P@g5 Nd5 15. Bc4 P@b5 16. Bxd5 exd5 17. f3 
B@g6 18. Qd1 gxf3 19. Nxf3 Bg4 20. B@e5 Bxf3 21. Rxf3 Nxe5 22. dxe5 B@e4 
23. P@f6 Bxf3 24. Qxf3 Qb6+ 25. Be3 N@h4 26. N@e7+ Kh8 27. fxg7+ Kxg7 28. B@f6+ 
Qxf6 29. Qxf6# 
{JiggaB checkmated} 1-0

[Event "fics rated crazyhouse match"]
[Site "fics, Oklahoma City, OK USA"]
[Date "2000.12.24"]
[White "JiggaB"]
[WhiteElo "2303"]
[Black "JKiller"]
[BlackElo "2376"]
[TimeControl "60+0"]
[Result "1-0"]

1. d4 e6 2. Nf3 Nc6 3. Nc3 Nf6 4. Bg5 Be7 5. e4 Ng4 6. Bxe7 
Qxe7 7. Bd3 d6 8. B@g3 Nf6 9. O-O B@h5 10. e5 Nd7 11. exd6 cxd6 
12. Bb5 Bxf3 13. Qxf3 Nxd4 14. Bxd7+ Qxd7 15. Qd1 e5 16. P@e3 Nc6 17. B@b5 
B@d8 18. N@h5 f6 19. Bxc6 bxc6 20. Ne4 P@d5 21. Nxd6+ Qxd6 22. Nxg7+ Kd7 
23. N@f5 Qf8 24. P@e6+ Kc7 25. P@d6+ Kb8 26. Qd2 Bxe6 27. Qb4+ B@b6 28. Nxe6 
N@a6 29. B@c7+ Kb7 30. Qb3 Qe8 31. Nxd8+ Rxd8 32. Bxd8 Qxd8 33. R@d7+ Qxd7 
34. B@c7 P@f3 35. h3 N@e2+ 36. Kh2 fxg2 37. Bxb6 N@f3+ 38. Kxg2 Nh4+ 39. Nxh4 
B@e4+ 40. f3 
{JKiller forfeits on time} 1-0

[Event "fics rated crazyhouse match"]
[Site "fics, Oklahoma City, OK USA"]
[Date "2000.12.24"]
[White "JKiller"]
[WhiteElo "2366"]
[Black "JiggaB"]
[BlackElo "2313"]
[TimeControl "60+0"]
[Result "1-0"]

1. e4 e6 2. d4 Nc6 3. Nc3 Bb4 4. a3 Ba5 5. Nf3 Nf6 6. e5 
Ne4 7. Qd3 Nxc3 8. bxc3 d6 9. N@h5 N@f5 10. g4 dxe5 11. gxf5 exf5 
12. Nxg7+ Kf8 13. Bh6 Kg8 14. Nh5 P@e7 15. P@g7 e4 16. gxh8=Q+ Kxh8 17. Bg7# 
{JiggaB resigns} 1-0

[Event "fics rated crazyhouse match"]
[Site "fics, Oklahoma City, OK USA"]
[Date "2000.12.24"]
[White "JiggaB"]
[WhiteElo "2306"]
[Black "JKiller"]
[BlackElo "2373"]
[TimeControl "60+0"]
[Result "0-1"]

1. e4 e6 2. d4 Nc6 3. Nf3 Nf6 4. Nc3 Be7 5. Bd3 d6 6. Be3 
Ng4 7. Qe2 O-O 8. O-O-O d5 9. e5 Nxe3 10. fxe3 B@g6 11. Bxg6 fxg6 
12. h4 B@e4 13. h5 Bxf3 14. gxf3 N@g3 15. Qg2 Nxh5 16. Rxh5 P@a3 17. Rh2 
axb2+ 18. Kb1 Bg5 19. B@f4 Rxf4 20. exf4 Bxf4 21. Rxh7 Kxh7 22. R@h3+ P@h6 
23. P@d2 B@a3 24. N@b3 Bxd2 25. N@d3 Bxc3 26. Qxg6+ Kxg6 27. Rg1+ Kh7 28. P@g6+ 
Kh8 29. Rxh6+ gxh6 30. g7+ Kg8 31. P@f7+ Kxf7 32. B@h5+ Ke7 33. g8=N+ Qxg8 
{JiggaB forfeits on time} 0-1

[Event "fics rated crazyhouse match"]
[Site "fics, Oklahoma City, OK USA"]
[Date "2000.12.24"]
[White "JKiller"]
[WhiteElo "2379"]
[Black "JiggaB"]
[BlackElo "2300"]
[TimeControl "60+0"]
[Result "1-0"]

1. e4 e6 2. d4 Nc6 3. Nc3 Nf6 4. e5 Nd5 5. Nxd5 exd5 6. N@e3 
N@b6 7. Nf3 d6 8. Bb5 dxe5 9. Nxe5 Bd7 10. Bxc6 bxc6 11. Nxf7 Kxf7 
12. N@e5+ Ke8 13. P@f7+ Ke7 14. Qf3 P@f6 15. Nf5+ Bxf5 16. Nxc6+ Kd7 17. Nxd8 
Bb4+ 18. P@c3 Rhxd8 19. Qxf5+ B@e6 20. P@c6+ Ke7 21. Qxe6+ Kxe6 22. B@h3+ f5 
23. Bxf5+ Kxf5 24. Q@e5+ Kg6 25. B@h5# 
{JiggaB checkmated} 1-0

[Event "fics rated crazyhouse match"]
[Site "fics, Oklahoma City, OK USA"]
[Date "2000.12.24"]
[White "JiggaB"]
[WhiteElo "2294"]
[Black "JKiller"]
[BlackElo "2385"]
[TimeControl "60+0"]
[Result "0-1"]

1. d4 e6 2. Nf3 Nc6 3. Nc3 Nf6 4. Bg5 Be7 5. Bxf6 Bxf6 6. e3 
O-O 7. Ne4 Be7 8. Bd3 f5 9. Ng3 d5 10. O-O B@g4 11. N@e5 Nxe5 
12. dxe5 N@e4 13. N@f4 Bxf3 14. gxf3 Ng5 15. B@g2 Bd7 16. Nfh5 Be8 17. Nxg7 
Kxg7 18. P@f6+ Bxf6 19. exf6+ Qxf6 20. f4 N@h3+ 21. Kh1 Nxf4 22. exf4 P@h3 
23. Bxh3 Nxh3 24. B@e5 P@g2+ 25. Kxg2 N@h4+ 26. Kxh3 B@g2# 
{JiggaB checkmated} 0-1

[Event "fics rated crazyhouse match"]
[Site "fics, Oklahoma City, OK USA"]
[Date "2000.12.24"]
[White "JKiller"]
[WhiteElo "2391"]
[Black "JiggaB"]
[BlackElo "2288"]
[TimeControl "60+0"]
[Result "1-0"]

1. e4 d5 2. exd5 e6 3. Bb5+ c6 4. dxc6 Nxc6 5. Bxc6+ bxc6 6. d4 
P@c7 7. N@e5 B@b7 8. Ngf3 Bd6 9. Nxf7 Kxf7 10. Ng5+ Kf8 11. Nc3 Nf6 
12. P@e5 Bxe5 13. dxe5 Qxd1+ 14. Kxd1 Q@g4+ 15. B@f3 Qd4+ 16. Bd2 
{JiggaB resigns} 1-0

[Event "fics rated crazyhouse match"]
[Site "fics, Oklahoma City, OK USA"]
[Date "2000.12.24"]
[White "JiggaB"]
[WhiteElo "2282"]
[Black "JKiller"]
[BlackElo "2397"]
[TimeControl "60+0"]
[Result "1-0"]

1. e4 e6 2. Nc3 d5 3. exd5 exd5 4. Bb5+ c6 5. Qe2+ P@e4 6. Ba4 
Nf6 7. d3 Be7 8. dxe4 dxe4 9. P@g5 P@d3 10. cxd3 exd3 11. Qe3 Nd5 
12. Nxd5 Qxd5 13. N@c7+ Kd8 14. Nxd5 cxd5 15. Qxe7+ Kxe7 16. P@f6+ gxf6 17. gxf6+ 
Kxf6 18. B@g5+ Ke6 19. Q@e7+ Kf5 20. Qf6+ Kg4 21. Qf4+ Kh5 22. Qh4+ Kg6 
23. Qh6+ Kf5 24. Qf6+ Kg4 25. h3+ Kh5 26. Qh6# 
{JKiller checkmated} 1-0

[Event "fics rated crazyhouse match"]
[Site "fics, Oklahoma City, OK USA"]
[Date "2000.12.24"]
[White "JKiller"]
[WhiteElo "2386"]
[Black "JiggaB"]
[BlackElo "2293"]
[TimeControl "60+0"]
[Result "1-0"]

1. e4 Nc6 2. d4 e6 3. Nc3 Nf6 4. e5 Nd5 5. Nxd5 exd5 6. N@f4 
d6 7. exd6 Bxd6 8. Nxd5 Be6 9. Ne3 Bf4 10. Nf3 Bxe3 11. Bxe3 N@d5 
12. B@g5 P@f6 13. Bgf4 N@g6 14. Bg3 Nxe3 15. fxe3 B@d6 16. Bxd6 cxd6 17. Bb5 
B@d7 18. O-O a6 19. N@h5 Rg8 20. Bd3 Qe7 21. Ng3 O-O-O 22. P@f5 Nf8 
23. fxe6 fxe6 24. a4 P@c7 25. P@b5 axb5 26. axb5 Nb4 27. Ra8# 
{JiggaB checkmated} 1-0

[Event "fics rated crazyhouse match"]
[Site "fics, Oklahoma City, OK USA"]
[Date "2000.12.24"]
[White "JiggaB"]
[WhiteElo "2287"]
[Black "JKiller"]
[BlackElo "2392"]
[TimeControl "60+0"]
[Result "0-1"]

1. d4 e6 2. e4 Nc6 3. Nf3 Nf6 4. Nc3 Bb4 5. Bd3 d5 6. e5 
Ne4 7. Bd2 Nxf2 8. Kxf2 Nxd4 9. Rf1 Bc5 10. Be3 Nxf3 11. Qxf3 Bxe3+ 
12. Kxe3 B@h6+ 13. Ke2 N@d4+ 14. Kd1 Nxf3 
{JiggaB resigns} 0-1

[Event "fics rated crazyhouse match"]
[Site "fics, Oklahoma City, OK USA"]
[Date "2000.12.24"]
[White "JKiller"]
[WhiteElo "2398"]
[Black "JiggaB"]
[BlackElo "2281"]
[TimeControl "60+0"]
[Result "1-0"]

1. e4 e6 2. d4 Nc6 3. Nc3 Nf6 4. e5 Nd5 5. Nxd5 exd5 6. N@f4 
d6 7. Nf3 dxe5 8. Nxe5 Nxe5 9. dxe5 N@e4 10. Qxd5 Nxf2 11. Qxd8+ Kxd8 
12. Q@h4+ Be7 13. Qxf2 N@e4 14. Qd4+ P@d7 15. Qxe4 
{JiggaB resigns} 1-0

[Event "fics rated crazyhouse match"]
[Site "fics, Oklahoma City, OK USA"]
[Date "2000.12.24"]
[White "JiggaB"]
[WhiteElo "2276"]
[Black "JKiller"]
[BlackElo "2403"]
[TimeControl "60+0"]
[Result "1-0"]

1. e4 e6 2. d4 Nc6 3. Nc3 Bb4 4. Be3 Nf6 5. Bd3 d5 6. e5 
Ne4 7. Bxe4 dxe4 8. Nh3 B@a5 9. O-O Bxc3 10. bxc3 Bxc3 11. f3 exf3 
12. Qxf3 P@f5 13. B@g5 P@e7 14. N@h5 Rg8 15. P@h6 Nxd4 16. Bxd4 Bxd4+ 17. Be3 
Bxe5 18. hxg7 P@g4 19. Qg3 Bxg3 20. Nxg3 gxh3 21. gxh3 P@h4 22. Nh5 N@e2+ 
23. Kh1 B@c6+ 24. P@f3 N@f6 25. Nxf6+ exf6 26. B@g2 Rxg7 27. N@h5 N@g3+ 28. hxg3 
Nxg3+ 29. Nxg3 hxg3 30. P@h2 gxh2 31. N@h5 N@g3+ 32. Nxg3 Rxg3 33. N@h5 Rxg2 
34. N@g7+ Kf8 35. Rf2 Bxf3 36. Rxf3 B@c6 37. B@c5+ P@e7 38. Nxe6+ Bxe6 39. Bh6+ 
Rg7 40. Bxe7+ Kxe7 41. P@d6+ Qxd6 42. N@d5+ Qxd5 43. Nxf6 Qxf3+ 44. Kxh2 
{JKiller forfeits on time} 1-0

[Event "fics rated crazyhouse match"]
[Site "fics, Oklahoma City, OK USA"]
[Date "2000.12.24"]
[White "JKiller"]
[WhiteElo "2392"]
[Black "spurs"]
[BlackElo "2171"]
[TimeControl "60+0"]
[Result "1-0"]

1. e4 e6 2. d4 d5 3. exd5 exd5 4. Bb5+ Bd7 5. Qe2+ Qe7 6. P@e5 
P@c4 7. Bxd7+ Nxd7 8. Nc3 B@b4 9. Bd2 Qh4 10. Nxd5 Bxd2+ 11. Qxd2 B@d8 
12. B@f3 Ne7 13. B@g3 Qh5 14. Bxh5 Nxd5 15. Bxf7+ Kxf7 16. e6+ Kxe6 17. P@f5+ 
Kxf5 18. P@e4+ Kf6 19. Q@f5+ Ke7 20. exd5 B@f7 21. Qe3+ P@e5 22. dxe5 Ke8 
23. e6 Bb4+ 24. Kf1 Bde7 25. Qxf7+ Kd8 26. Bxc7+ Kxc7 27. N@b5+ Kc8 28. exd7+ 
Kxd7 29. Qee6+ Kd8 30. P@c7# 
{spurs checkmated} 1-0

[Event "fics rated crazyhouse match"]
[Site "fics, Oklahoma City, OK USA"]
[Date "2000.12.24"]
[White "spurs"]
[WhiteElo "2167"]
[Black "JKiller"]
[BlackElo "2396"]
[TimeControl "60+0"]
[Result "1-0"]

1. d4 e6 2. Nf3 Nc6 3. Bg5 Be7 4. Bxe7 Qxe7 5. Nc3 Nf6 6. e3 
B@a5 7. Bd3 d6 8. O-O e5 9. B@h4 exd4 10. exd4 Bxc3 11. bxc3 P@e4 
12. Re1 N@f5 13. Bxe4 Nxh4 14. Bxc6+ bxc6 15. Rxe7+ Kxe7 16. Nxh4 R@g4 17. N@f5+ 
Bxf5 18. Nxf5+ Kd7 19. Qxg4 Rhe8 20. Qxg7 B@h8 21. Qxf7+ B@e7 22. B@e6# 
{JKiller resigns} 1-0

[Event "fics rated crazyhouse match"]
[Site "fics, Oklahoma City, OK USA"]
[Date "2000.12.24"]
[White "JKiller"]
[WhiteElo "2383"]
[Black "spurs"]
[BlackElo "2180"]
[TimeControl "60+0"]
[Result "1-0"]

1. e4 e6 2. d4 d5 3. exd5 exd5 4. Nc3 Bb4 5. Nf3 Qe7+ 6. P@e5 
Bg4 7. Be2 Bxf3 8. Bxf3 N@h4 9. Bxd5 Nc6 10. B@g5 Bxc3+ 11. bxc3 P@e6 
12. Bxe7 Ngxe7 13. P@d7+ Kf8 14. Bxc6 bxc6 15. Qg4 N@f5 16. B@f6 h5 17. Bxg7+ 
Nxg7 18. Qxg7+ Kxg7 19. P@f6+ Kg6 20. Q@g5+ Kh7 21. Qg7# 
{spurs checkmated} 1-0

[Event "fics rated crazyhouse match"]
[Site "fics, Oklahoma City, OK USA"]
[Date "2000.12.24"]
[White "spurs"]
[WhiteElo "2176"]
[Black "JKiller"]
[BlackElo "2387"]
[TimeControl "60+0"]
[Result "1-0"]

1. d4 e6 2. Nf3 Nc6 3. Nc3 d6 4. Bg5 Be7 5. Bxe7 Qxe7 6. e3 
B@h5 7. Bb5 Nf6 8. Bxc6+ bxc6 9. B@g5 Rb8 10. Ne4 Rg8 11. Bxf6 gxf6 
12. Nxf6+ Qxf6 13. P@e5 Qh8 14. N@f6+ Kd8 15. Nxh5 N@e4 16. N@g3 B@a5+ 17. c3 
Nxg3 18. B@f6+ B@e7 19. Bxe7+ Kd7 20. hxg3 Rxb2 21. Bh4 Bxc3+ 22. Kf1 P@e7 
23. exd6 Rxf2+ 24. Kxf2 N@e4+ 25. Ke2 cxd6 26. N@e5+ dxe5 27. dxe5+ N@d5 28. B@d3 
Bxa1 29. Bxe4 R@b2+ 30. Ke1 P@f2+ 31. Kf1 P@d6 32. Bxd5 exd5 33. N@c5+ dxc5 
34. R@c7+ Kxc7 35. N@e8+ Kb7 36. P@d6 Ka6 37. Qe2+ Ka5 38. P@b4+ Ka4 39. Kxf2 
Ka3 40. Kf1 
{JKiller forfeits on time} 1-0

[Event "fics rated crazyhouse match"]
[Site "fics, Oklahoma City, OK USA"]
[Date "2000.12.24"]
[White "JiggaB"]
[WhiteElo "2289"]
[Black "JKiller"]
[BlackElo "2375"]
[TimeControl "60+0"]
[Result "0-1"]

1. d4 e6 2. Nf3 Nc6 3. Nc3 d6 4. e4 Nf6 5. Bg5 Be7 6. e5 
Ng4 7. Bxe7 Qxe7 8. B@h4 f6 9. exf6 gxf6 10. Be2 P@e3 11. fxe3 Nxe3 
12. Qd2 Nxg2+ 13. Kd1 B@f4 14. Qd3 Ne3+ 15. Ke1 P@g2 16. Rg1 Nb4 17. Qd2 
Nexc2+ 18. Kf2 Bxd2 19. Kxg2 Rg8+ 20. P@g3 Ne3+ 21. Kh1 P@f2 22. Rgb1 P@g2# 
{JiggaB checkmated} 0-1

[Event "fics rated crazyhouse match"]
[Site "fics, Oklahoma City, OK USA"]
[Date "2000.12.24"]
[White "JKiller"]
[WhiteElo "2381"]
[Black "JiggaB"]
[BlackElo "2283"]
[TimeControl "60+0"]
[Result "1-0"]

1. e4 e6 2. d4 Nc6 3. Nc3 Bb4 4. a3 Ba5 5. Nf3 Nf6 6. e5 
Nd5 7. Bd2 Bxc3 8. bxc3 N@e4 9. B@h4 Nce7 10. Bd3 Nexc3 11. Bxc3 Nxc3 
12. N@h5 Rg8 13. Bxh7 B@h6 14. Bxg8 Nxg8 15. Bxd8 Kxd8 16. Q@f8+ B@e8 17. Qxg8 
B@e7 18. P@f6 gxf6 19. exf6 Bd6 20. P@e7# 
{JiggaB resigns} 1-0

[Event "fics rated crazyhouse match"]
[Site "fics, Oklahoma City, OK USA"]
[Date "2000.12.24"]
[White "JiggaB"]
[WhiteElo "2277"]
[Black "JKiller"]
[BlackElo "2387"]
[TimeControl "60+0"]
[Result "0-1"]

1. e4 e6 2. Nc3 d5 3. d4 dxe4 4. Be3 Nc6 5. Bb5 P@d5 6. Bxc6+ 
bxc6 7. N@e5 Bd7 8. Nh3 Nf6 9. Nxf7 Kxf7 10. Ng5+ Ke8 11. P@e5 B@h6 
12. exf6 Bxg5 13. f7+ Kxf7 14. Qh5+ P@g6 15. N@e5+ Ke8 16. Nxg6 hxg6 17. Qxh8 
N@f7 18. Qxf8+ Kxf8 19. R@h8+ Nxh8 20. Bxg5 Qxg5 21. B@g3 N@f3+ 22. gxf3 Q@d2# 
{JiggaB resigns} 0-1

[Event "fics rated crazyhouse match"]
[Site "fics, Oklahoma City, OK USA"]
[Date "2000.12.24"]
[White "JKiller"]
[WhiteElo "2393"]
[Black "spurs"]
[BlackElo "2188"]
[TimeControl "60+0"]
[Result "1-0"]

1. e4 e6 2. d4 d6 3. Nc3 Bd7 4. Nf3 Be7 5. Bd3 Nf6 6. e5 
dxe5 7. dxe5 Nd5 8. Nxd5 exd5 9. N@h5 Bb4+ 10. c3 Bf8 11. P@f6 gxf6 
12. Nxf6+ Qxf6 13. exf6 Rg8 14. P@e7 Bxe7 15. fxe7 N@e6 16. Bf5 Nc6 17. Bxe6 
Bxe6 18. N@f6+ Kxe7 19. Nxg8+ Rxg8 20. B@h4+ Kd7 21. Bf4 P@d6 22. Nd4 Nxd4 
23. cxd4 N@f5 24. N@f6+ Kc6 25. Rc1+ P@c4 26. Rxc4+ dxc4 27. d5+ Kb6 28. R@b4+ 
P@b5 29. Rxb5+ Kxb5 30. a4+ Kc5 31. Q@b5# 
{spurs checkmated} 1-0